cohdb
Replays
Latest Replays
All Replays
Popular Replays
Top Player Replays
Match Explorer
How It Works
Community
CoH3 Stats
Reddit
Sign in to upload your games and track your stats! →
Sign in with Steam
Match 32634776
Unlisted
Match 32634776
Overview
Messages
Build Orders
End
Pioneer Squad
Construct Infanterie Kompanie
Selects Breakthrough Battlegroup
Selects Assault Grenadiers
Construct Infanterie Kompanie
Grenadier Squad
Grenadier Squad
Grenadier Squad
MG 42 Machine Gun Team
Construct Luftwaffe Kompanie
221 Scout Car
Selects Rapid Production
221 Scout Car
Luftwaffe Officer Quarters
el campo
Доктор Гувер[POINTRUNNER]
MaXiS
[Kermit] micleg
Sitatop
Wonder
0
0
Comments
sign in to comment!
No comments posted yet!